 Dungeon Crawl Stone Soup version 0.18-a0-1292-ge8ad84c (webtiles) character file.

55150 Leibowitz the Nimble (level 14, -6/118 HPs)
             Began as a Demigod Gladiator on Feb 10, 2016.
             Splashed by an oklob plant's acid (11 damage)
             ... on level 7 of the Lair of Beasts.
             The game lasted 01:12:13 (24171 turns).

Leibowitz the Nimble (Demigod Gladiator)           Turns: 24171, Time: 01:12:15

Health: -6/118     AC:  4    Str: 24    XL:     14   Next: 4%
Magic:  18/18      EV: 29    Int: 15    God:
Gold:   2000       SH: 10    Dex: 27    Spells: 1 memorised, 12 levels left

rFire  . . .     SeeInvis .     a - +2 falchion (elec)
rCold  + . .     Gourm    .     J - +2 ring mail {rPois}
rNeg   . . .     Faith    .     w - +2 buckler
rPois  +         Spirit   .     O - +2 hat {Int+3}
rElec  .         Dismiss  .     v - +0 cloak
rCorr  .         Reflect  .     E - +2 pair of gloves {Dex+3}
SustAt +         Harm     .     G - +0 pair of boots
MR     +....     Rnd*Rage +     (no amulet)
Stlth  ++++......               z - +4 ring of evasion
                                Q - +6 ring of strength

@: corroded equipment, somewhat resistant to hostile enchantments, stealthy
A: berserk 1, cold resistance 1, high mp 1, sense surroundings 1, sustain
attributes
a: no special abilities


You were on level 7 of the Lair of Beasts.
You were not hungry.

You visited 3 branches of the dungeon, and saw 21 of its levels.

You collected 2000 gold pieces.

Inventory:

Hand Weapons
 a - a +2 falchion of electrocution (weapon)
 b - a +1 rapier of protection
 n - a +1 long sword
 I - a +1 scimitar of flaming
 M - a +0 trident of venom
Missiles
 d - 4 throwing nets (quivered)
 s - 51 poisoned needles
Armour
 v - a +0 cloak (worn)
 w - a +2 buckler (worn)
 E - a +2 pair of gloves of dexterity (worn)
 G - a +0 pair of boots (worn)
 J - a +2 ring mail of poison resistance (worn)
 O - a +2 hat of intelligence (worn)
Jewellery
 z - a +4 ring of evasion (right hand)
 Q - a +6 ring of strength (left hand)
 V - an uncursed ring of sustain attributes
Wands
 c - a wand of confusion (23/48)
 e - a wand of iceblast (0/15)
 g - a wand of polymorph (16/24)
 h - a wand of iceblast (0/15)
 A - a wand of confusion (23/48)
 B - a wand of slowing (0/48)
 C - a wand of paralysis (7/24)
 F - a wand of digging (9/24)
Scrolls
 i - 7 scrolls of remove curse
 l - 4 scrolls of enchant armour
 m - 18 scrolls of identify
 o - 3 scrolls of fog
 r - 2 scrolls of enchant weapon
 L - a scroll of holy word
 N - 2 scrolls of amnesia
 P - 2 scrolls of magic mapping
 R - a scroll of teleportation
Potions
 k - 2 potions of cancellation
 p - 2 potions of flight
 u - a potion of magic
 x - 4 potions of curing
 D - 5 potions of brilliance
 H - a potion of heal wounds
 S - a potion of berserk rage
 T - a potion of cure mutation
Books
 y - a book of Battle

   Spells                             Type                      Level
   a - Infusion                       Charms                       1
   b - Shroud of Golubria             Charms/Translocation         2
   c - Song of Slaying                Charms                       2
   d - Spectral Weapon                Hexes/Charms                 3
   e - Regeneration                   Charms/Necromancy            3
 K - a book of Enchantments

   Spells                             Type                      Level
   a - Cause Fear                     Hexes                        4
   b - Yara's Violent Unravelling     Hexes/Transmutation          5
   c - Silence                        Hexes/Air                    5
   d - Deflect Missiles               Charms/Air                   6
   e - Haste                          Charms                       6
   f - Discord                        Hexes                        8
Comestibles
 f - 11 bread rations
 j - 2 fruits
 q - 7 meat rations
 t - 14 beef jerkies
 U - 6 chunks of flesh


   Skills:
 * Level 9.2 Fighting
 + Level 0.1(7.1) Short Blades
 * Level 11.1 Long Blades
 + Level 0.8 Polearms
 - Level 1.7 Throwing
 * Level 8.2 Armour
 * Level 12.0 Dodging
 * Level 8.9 Stealth
 * Level 9.3 Shields
 + Level 0.3 Charms
 + Level 1.0 Evocations


You had 12 spell levels left.
You knew the following spells:

 Your Spells              Type           Power        Failure   Level  Hunger
a - Infusion              Chrm           #...         38%         1    ##.....


Dungeon Overview and Level Annotations

Branches:
Dungeon (12/15)            Temple (0/1) D:7            Lair (7/8) D:10
 Shoals (0/4) Lair:6        Snake (0/4) Lair:3          Orc (2/2) D:10
    Elf (0/3) Orc:2
  Slime: Lair:6-8

Shops:
Orc:2 }

Annotations:
D:4 Starbucks's ghost, novice FoFi
D:5 1 runed door
Lair:7 exclusion: 2 oklob plants


Innate Abilities, Weirdness & Mutations

You have an increased reservoir of magic (+10% MP).
Your attributes are resistant to harm.
You tend to lose your temper in combat.
Your flesh is cold resistant.
You passively map a small area around you.


Message History

The splash of acid hits you! The acid corrodes you!
The acid burns!
You hit the oklob plant but do no damage.
The oklob plant is heavily damaged.
You completely miss the oklob plant.
The oklob plant is heavily damaged.
You hit the oklob plant but do no damage.
There is a sudden explosion of sparks!
The oklob plant is severely damaged.
The oklob plant spits acid at you. The splash of acid hits you!
* * * LOW HITPOINT WARNING * * *
The acid burns!
* * * LOW HITPOINT WARNING * * *
You hit the oklob plant but do no damage.
The oklob plant is severely damaged.
The oklob plant spits acid at you. The splash of acid hits you!
* * * LOW HITPOINT WARNING * * *
The acid burns!
You die... ...........รท..# , , ...##PP...#..## * .P.. * ....#PPP.##..P# *PPP#* ..P...P.......# PPP##

.PP....P......# ##..PP#
.PPPP..P......####.P...##
..PP...P......##P#P..PP.#
...P....P.....##PP..P.#
.##P..P#PPPP.###@.PPP.#
.........PPPP.###P...P#
........PPPP.P# #P.P#.P#
..............###P.P# P#
#..P...#.P...P#.#...##
............P.#.P....#
...##.P..P..#P##P....#
...#.P...P.#####P.P.P#
....PP.......>###P...##


You could see 2 oklob plants.

Vanquished Creatures
  Gastronok (Lair:3)
  Erolcha (D:9)
  Josephine (Lair:6)
  5 hydras
  Erica (Lair:1)
  5 death yaks (Lair:6)
  2 ogre magi (Orc:1)
  A deep troll (Orc:1)
  3 griffons
  Pikel (D:9)
  2 oklob plants (Lair:7)
  An ugly thing (D:10)
  The ghost of mora the Nimble, a novice SpVM of Vehumet (Lair:1)
  A cyclops (D:11)
  6 elephants
  3 sirens (Lair:6)
  4 black mambas
  A manticore (D:12)
  11 spiny frogs
  A centaur skeleton (D:12)
  10 komodo dragons
  2 fire drakes
  2 merfolk (Lair:6)
  6 trolls
  3 polar bears
  A boulder beetle (Lair:3)
  13 blink frogs
  3 two-headed ogres
  5 wraiths
  Sigmund (D:2)
  25 yaks
  Eustachio (D:6)
  A wasp (D:9)
  A wyvern (D:8)
  2 basilisks
  7 hippogriffs
  Grum (Lair:1)
  A hungry ghost (D:9)
  Menkaure (D:5)
  13 wolves
  5 nagas (Lair:3)
  3 wargs
  16 water moccasins
  22 porcupines
  2 ice beasts
  16 orc warriors
  2 black bears
  A phantom (D:9)
  2 eyes of draining
  3 necrophages (D:8)
  3 sky beasts
  12 ogres
  2 centaurs
  12 crocodiles
  The ghost of ZeroCool the Digger, an amateur GrEE (D:3)
  23 giant frogs
  A scorpion (D:8)
  4 killer bees (D:9)
  13 wights
  2 electric eels
  3 crimson imps
  2 giant frog zombies
  12 orc priests
  3 giant frog skeletons
  A gnoll shaman (D:10)
  5 hounds
  18 orc wizards
  4 worker ants
  12 iguanas
  A killer bee zombie (D:9)
  11 sheep
  A hound skeleton (D:4)
  A worker ant zombie (D:5)
  10 gnolls
  21 adders
  57 river rats
  6 shadow imps
  3 oozes
  An adder zombie (D:6)
  An adder skeleton (D:6)
  3 worms
  7 giant geckos
  84 orcs
  5 giant cockroaches
  9 hobgoblins
  5 jackals
  8 kobolds
  2 quokkas
  A ball python (D:8)
  7 bats
  A giant gecko skeleton (D:8)
  5 giant newts
  11 goblins
  A quokka skeleton (D:5)
  5 rats
  A plant (Lair:7)
624 creatures vanquished.

Vanquished Creatures (others)
  A black bear (D:7)
  A slave (D:9)
  A jelly (D:7)
  A giant gecko (D:7)
  An orc (Orc:1)
  A quokka (D:7)
  A jackal zombie (D:7)
  6 fungi
  4 plants
17 creatures vanquished.

Grand Total: 641 creatures vanquished

Notes
Turn   | Place    | Note
--------------------------------------------------------------
     0 | D:1      | Leibowitz the Demigod Gladiator began the quest for the Orb.
     0 | D:1      | Reached XP level 1. HP: 17/17 MP: 3/3
   390 | D:1      | Reached XP level 2. HP: 19/24 MP: 4/4
   816 | D:1      | Reached skill level 3 in Dodging
   843 | D:1      | Reached skill level 1 in Stealth
   925 | D:2      | Found an ancient bone altar of Kikubaaqudgha.
   925 | D:2      | Noticed Sigmund
   934 | D:2      | Killed Sigmund
   934 | D:2      | Reached skill level 1 in Armour
   934 | D:2      | Reached XP level 3. HP: 12/30 MP: 5/5
   934 | D:2      | Reached XP level 4. HP: 14/37 MP: 6/6
   934 | D:2      | Reached XP level 5. HP: 15/42 MP: 7/7
  1209 | D:2      | Found a deep blue altar of Sif Muna.
  1283 | D:2      | Found an oddly glowing altar of Pakellas.
  2209 | D:3      | Reached skill level 4 in Dodging
  2370 | D:3      | Noticed ZeroCool's ghost (amateur GrEE)
  2775 | D:3      | Killed ZeroCool's ghost
  2775 | D:3      | Reached XP level 6. HP: 50/50 MP: 8/8
  2790 | D:3      | Found a radiant altar of Vehumet.
  2866 | D:3      | Reached skill level 1 in Shields
  3103 | D:4      | Found a bloodstained altar of Trog.
  3205 | D:4      | Noticed Starbucks's ghost (novice FoFi)
  4115 | D:4      | Reached XP level 7. HP: 49/57 MP: 9/9
  4305 | D:5      | Entered Level 5 of the Dungeon
  4312 | D:5      | Found a runed door.
  4313 | D:5      | Found a glowing silver altar of Zin.
  4313 | D:5      | Noticed an angel
  4344 | D:5      | Found an iron altar of Okawaru.
  4477 | D:5      | Reached skill level 5 in Dodging
  4478 | D:5      | Noticed Menkaure
  4521 | D:5      | Killed Menkaure
  4782 | D:5      | Reached skill level 5 in Long Blades
  5143 | D:5      | Found a glowing silver altar of Zin.
  5181 | D:6      | Reached XP level 8. HP: 66/66 MP: 10/10
  5501 | D:6      | Noticed Eustachio
  5554 | D:6      | Killed Eustachio
  5654 | D:6      | Found a stormy altar of Qazlal.
  5665 | D:6      | Found a blossoming altar of Fedhas.
  6030 | D:7      | Found a basalt altar of Yredelemnul.
  6034 | D:7      | Noticed a profane servitor
  6205 | D:7      | Reached skill level 6 in Long Blades
  6230 | D:7      | Found a staircase to the Ecumenical Temple.
  6272 | D:7      | Noticed a troll
  6290 | D:7      | Killed a troll
  6290 | D:7      | Reached XP level 9. HP: 58/72 MP: 11/11
  6297 | D:7      | Found a shimmering altar of Xom.
  6307 | D:7      | Found a sacrificial altar of Ru.
  6479 | D:7      | Found a glowing golden altar of the Shining One.
  6481 | D:7      | Noticed an angel
  7079 | D:8      | Reached skill level 5 in Fighting
  7080 | D:8      | Found a burning altar of Makhleb.
  7088 | D:8      | Found a bloodstained altar of Trog.
  7831 | D:8      | Found a snail-covered altar of Cheibriados.
  8252 | D:9      | Noticed Pikel
  8261 | D:9      | Found a shadowy altar of Dithmenos.
  8277 | D:9      | Killed Pikel
  8283 | D:9      | Reached skill level 7 in Dodging
  8517 | D:9      | Noticed Erolcha
  8536 | D:9      | Killed Erolcha
  8536 | D:9      | Reached skill level 5 in Stealth
  8536 | D:9      | Reached skill level 5 in Shields
  8536 | D:9      | Reached XP level 10. HP: 43/83 MP: 13/13
  8948 | D:9      | Reached skill level 5 in Armour
  9465 | D:9      | Learned a level 1 spell: Infusion
  9476 | D:10     | Entered Level 10 of the Dungeon
  9526 | D:10     | Found a stormy altar of Qazlal.
  9666 | D:10     | Noticed a cyan ugly thing
  9701 | D:10     | Killed a cyan ugly thing
 10386 | D:10     | Found a staircase to the Lair.
 10435 | D:10     | Reached skill level 8 in Dodging
 10577 | Lair:1   | Entered Level 1 of the Lair of Beasts
 10579 | Lair:1   | Noticed mora's ghost (novice SpVM)
 11093 | Lair:1   | Noticed a black mamba
 11105 | Lair:1   | Killed a black mamba
 11115 | Lair:1   | Killed mora's ghost
 11157 | Lair:1   | Reached XP level 11. HP: 68/91 MP: 12/14
 11426 | Lair:1   | Reached skill level 1 in Evocations
 11431 | Lair:1   | Noticed Erica
 11443 | Lair:1   | Killed Erica
 12973 | Lair:2   | Reached skill level 9 in Dodging
 13703 | Lair:3   | Noticed a seven-headed hydra
 13715 | Lair:3   | Killed a one-headed hydra
 14082 | Lair:3   | Noticed Gastronok
 14110 | Lair:3   | Killed Gastronok
 14110 | Lair:3   | Reached XP level 12. HP: 18/100 MP: 16/16
 14730 | Lair:3   | Found a staircase to the Snake Pit.
 15135 | Lair:1   | Noticed Grum
 15142 | Lair:1   | Killed Grum
 15306 | Lair:4   | Reached skill level 10 in Dodging
 15784 | Lair:4   | Noticed a six-headed hydra
 15796 | Lair:4   | Killed a two-headed hydra
 16390 | Lair:5   | Reached skill level 10 in Long Blades
 17190 | Lair:5   | Noticed a four-headed hydra
 17196 | Lair:5   | Killed a one-headed hydra
 17297 | Lair:5   | Reached XP level 13. HP: 83/107 MP: 17/17
 17656 | Lair:6   | Noticed Josephine
 17916 | D:10     | Found a staircase to the Orcish Mines.
 17928 | Orc:1    | Entered Level 1 of the Orcish Mines
 18148 | Orc:2    | Entered Level 2 of the Orcish Mines
 18148 | Orc:2    | Found a staircase to the Elven Halls.
 18729 | Orc:2    | Found Fyturo's Gadget Shop.
 19073 | Orc:1    | Reached skill level 11 in Dodging
 19301 | Orc:1    | Paralysed by an ogre mage for 3 turns
 20794 | D:12     | HP: 5/108 [white ugly thing (28)]
 22138 | Lair:6   | Found a staircase to the Shoals.
 22429 | Lair:6   | Gained mutation: You tend to lose your temper in combat. [potion of mutation]
 22429 | Lair:6   | Gained mutation: Your flesh is cold resistant. [potion of mutation]
 22541 | Lair:6   | Killed Josephine
 23441 | Lair:7   | Gained mutation: You passively map a small area around you. [potion of beneficial mutation]
 23526 | Lair:7   | Found a radiant altar of Vehumet.
 23797 | Lair:7   | Reached skill level 12 in Dodging
 23843 | Lair:7   | Reached XP level 14. HP: 75/118 MP: 18/18
 24171 | Lair:7   | HP: 5/118 [oklob plant/splash of acid (14)]
 24171 | Lair:7   | Splashed by an oklob plant's acid

Vault maps used:
D:1:      dpeg_arrival_morbid_curiosity
D:2:      minmay_door_path, nicolae_overflow_crystal_walls,
          kiku_gazebo_garden_becter, grunt_pakellas_basics, uniq_sigmund
D:3:      lemuel_upstairs_altar, old_standard_altar, first_bread
D:4:      trog_three_pillars_becter
D:5:      kennysheep_mini_moat, lemuel_round_altar, lemuel_angel_altar,
          uniq_menkaure
D:6:      grunt_temple_overflow_forces_of_nature, hex_tiny,
          minmay_misc_feat_four_crosses, hangedman_abyss_or_decor_lesser_grid,
          uniq_eustachio
D:7:      grunt_temple_overflow_holy_war, xom_confusion_cloud,
          nicolae_ru_great_annihilating_truth, minmay_temple_entry_crystal_x
D:8:      overflow_temple_1_default, amethyst_overflow_temple_binary,
          grunt_ogre_cave
D:9:      lemuel_round_altar, minmay_stone_trees_medium, uniq_erolcha,
          uniq_pikel
D:10:     wad_river_or_something, dpeg_lair_monsters, david_orc_4,
          grunt_qazlal_clouds
Lair:1:   uniq_grum, uniq_erica
Lair:2:   beast_lair_carwin_8, infiniplex_staircase_pool
Lair:3:   minmay_snake_entry_guardpost_medium, columned_hall_lemuel,
          beast_lair_carwin_1, uniq_gastronok
Lair:5:   beast_lair_carwin_11
Lair:6:   elwin_shoals_entry_stream, uniq_josephine
Lair:7:   minmay_lair_oklob_tunnel, basic_altar
Orc:1:    mines2_lemuel
Orc:2:    st_orc_open, serial_shops, nicolae_shop_stone

Action                   |  1- 3 |  4- 6 |  7- 9 | 10-12 | 13-15 || total
-------------------------+-------+-------+-------+-------+-------++-------
Melee: Long sword        |    54 |   243 |   491 |    99 |       ||   887
       Trident           |       |     3 |    53 |    10 |       ||    66
       Falchion          |       |       |       |  1100 |   821 ||  1921
       Scimitar          |       |       |       |    19 |    13 ||    32
       Rapier            |       |       |       |     8 |     1 ||     9
Throw: Throwing net      |     1 |       |       |       |       ||     1
 Cast: Infusion          |       |       |       |     3 |       ||     3
Evoke: Wand              |       |     1 |    10 |     8 |     2 ||    21
  Use: Potion            |       |     9 |     4 |     5 |     4 ||    22
       Scroll            |       |     7 |     6 |     2 |     7 ||    22
 Stab: Sleeping          |     1 |     3 |    20 |    43 |    15 ||    82
       Held in net/web   |     1 |       |       |       |       ||     1
       Confused          |       |       |     2 |       |       ||     2
       Distracted        |       |       |     1 |     5 |       ||     6
  Eat: Chunk             |       |    11 |    15 |    29 |    25 ||    80
       Royal jelly       |       |       |       |     1 |       ||     1
       Fruit             |       |       |       |       |     1 ||     1
